 Dungeon Crawl Stone Soup version 0.16-a0-1301-gf74d490 (webtiles) character file.

62 Ololoev the Bolt Thrower (level 3, -1/43 HPs)
             Began as a Centaur Hunter on Oct 15, 2014.
             Slain by a rat (2 damage)
             ... on level 2 of the Dungeon.
             The game lasted 00:06:21 (2378 turns).

Ololoev the Bolt Thrower (Centaur Hunter)           Turns: 2378, Time: 00:06:22

Health: -1/43      AC: 21    Str: 14    XL:     3   Next: 85%
Magic:  3/3        EV:  1    Int: 10    God:
Gold:   129        SH:  0    Dex:  8    Spells: 0 memorised, 2 levels left

rFire  . . .     SeeInvis +     r - -2 dagger (curse)
rCold  . . .     Clarity  .     q - melded +2 robe {Archmagi}
rNeg   + + +     SustAb   .     (no shield)
rPois  +         Gourm    .     (helmet currently unavailable)
rElec  .         Spirit   .     (cloak currently unavailable)
rCorr  .         Warding  .     (gloves currently unavailable)
rMut   .         NoTele   +     (no barding)
MR     .....                    (no amulet)
Stlth  +.........               (no ring)
                                (no ring)

@: lethally poisoned, tree-form, not resistant to hostile enchantments, very
unstealthy
A: (hooves 0), (slimy green scales 0), see invisible, clumsy 1, (deformed body),
(speed 0), (tough skin 0)
a: no special abilities


You were on level 2 of the Dungeon.
You were not hungry.
You were a tree.
You visited 1 branch of the dungeon, and saw 2 of its levels.

You collected 129 gold pieces.

Inventory:

Hand weapons
 a - a +0 short sword
 b - a +1 hand crossbow
 r - a cursed -2 dagger (weapon)
Missiles
 c - 14 bolts
Armour
 q - a +2 robe of the Archmagi (melded)
Scrolls
 e - a scroll of teleportation
 j - 4 scrolls of fog
Potions
 h - 2 potions of flight
 k - a potion of curing {unknown}
 p - a potion of might {unknown}
Comestibles
 d - a chunk of goblin flesh
 f - a bread ration
 g - 2 meat rations
 l - a beef jerky


   Skills:
 - Level 2.0 Fighting
 + Level 6.0 Crossbows
 - Level 1.3 Dodging
 - Level 0.5 Stealth


You had 2 spell levels left.
You didn't know any spells.

Dungeon Overview and Level Annotations

Branches:
Dungeon (2/15)

Altars:
Nemelex Xobeh


Innate Abilities, Weirdness & Mutations

((You have hooves in place of feet.))
((Armour fits poorly on your strangely shaped body.))
((You cover ground very quickly.))
((You have extremely tough skin (AC +3).))
((You are partially covered in slimy green scales (AC +2).))
You have supernaturally acute eyesight.
You are clumsy. (Dex -2)


Message History

You hit the rat but do no damage. The rat bites you but does no damage.
Drink which item? (? for menu, Esc to quit)
You feel very buoyant.
You fly up into the air.
It was a potion of flight.
The rat barely misses you.
Drink which item? (? for menu, Esc to quit)
It has a very clean taste.
It was a potion of cure mutation.
* * * LOW HITPOINT WARNING * * *
You feel sick. The rat barely misses you.
Drink which item? (? for menu, Esc to quit)
You feel extremely strange.
You feel clumsy.
Slimy green scales grow over part of your body.
Your vision sharpens.
It was a potion of mutation.
The rat bites you but does no damage.
Drink which item? (? for menu, Esc to quit)
You turn into a tree.
Your +2 robe of the Archmagi melds into your body.
You feel strangely numb.
Your roots penetrate the ground.
It was a potion of lignification.
The rat bites you.
You die...

#.#.#.########
#.#.#.#......#
#.#.#.#.####.#
#.#.#.#.<..#.#
#####.#.#.######.#
#.....#.#........#
#.#####.##########
############.###...........
.............)..♣#.#######.
############.###r#.# #.#
#.#.# #.# #(#%# #.# #.#.#
#.. #.#.# ### #.#.# #.#..
#.###


You could see a rat.

Vanquished Creatures
  An adder (D:2)
  4 giant geckos
  12 bats
  A giant cockroach (D:2)
  3 goblins
  A hobgoblin (D:1)
  2 jackals (D:2)
  7 kobolds
  A quokka (D:2)
  4 giant newts
  13 rats
49 creatures vanquished.

Notes
Turn   | Place    | Note
--------------------------------------------------------------
     0 | D:1      | Ololoev, the Centaur Hunter, began the quest for the Orb.
     0 | D:1      | Reached XP level 1. HP: 17/17 MP: 1/1
   131 | D:1      | Reached XP level 2. HP: 24/24 MP: 2/2
   159 | D:1      | Reached skill level 5 in Crossbows
  1093 | D:1      | Reached XP level 3. HP: 22/29 MP: 3/3
  1680 | D:2      | Found a sparkling altar of Nemelex Xobeh.
  2372 | D:2      | Reached skill level 6 in Crossbows
  2376 | D:2      | HP: 1/29 [poisoned by an adder]
  2377 | D:2      | Gained mutation: You are clumsy. (Dex -2) [potion of mutation]
  2377 | D:2      | Gained mutation: You are partially covered in slimy green scales (AC +2). [potion of mutation]
  2377 | D:2      | Gained mutation: You have supernaturally acute eyesight. [potion of mutation]
  2378 | D:2      | Slain by a rat

Action                   || total
-------------------------++-------
Melee: Short sword       ||   183
       Dagger            ||    31
 Fire: Hand crossbow     ||     9
  Use: Scroll            ||     4
       Potion            ||     4
  Eat: Chunk             ||     4
